 Dungeon Crawl Stone Soup version 0.27.1-33-g824d729ab1 (webtiles) character file.

Game seed: 3909966732766627549

122 Atelerd the Sneak (level 5, -4/31 HPs)
             Began as an Octopode Earth Elementalist on Dec 30, 2021.
             Killed from afar by an orc wizard (8 damage)
             ... with a magic dart
             ... on level 4 of the Dungeon.
             The game lasted 00:02:35 (4353 turns).

Atelerd the Sneak (Octopode Earth Elementalist)     Turns: 4353, Time: 00:02:36

Health: -4/31      AC:  1    Str:  7    XL:     5   Next: 6%
Magic:  1/9        EV: 13    Int: 19    God:
Gold:   108        SH:  0    Dex: 12    Spells: 4/9 levels left

rFire    . . .     SeeInvis .   i - +0 dagger
rCold    . . .     Faith    .   (no shield)
rNeg     . . .     Spirit   .   (helmet restricted)
rPois    .         Reflect  .   (no amulet)
rElec    .         Harm     .   (no ring)
rCorr    .         Rampage  .   (no ring)
Will     .....                  (no ring)
Stlth    +++.......             (no ring)
HPRegen  0.10/turn              (no ring)
MPRegen  0.11/turn              (no ring)
                                (no ring)
                                (no ring)

@: no status effects
A: almost no armour, amphibious, 8 rings, camouflage 1, gelatinous body 1,
(nimble swimmer 1), tentacles
a: no special abilities


You were on level 4 of the Dungeon.
You visited 1 branch of the dungeon, and saw 4 of its levels.

You collected 108 gold pieces.

Inventory:

Hand Weapons
 i - a +0 dagger (weapon)
Missiles
 b - 36 stones
Scrolls
 c - a scroll of vulnerability {unknown}
 e - a scroll of magic mapping {unknown}
 f - 3 scrolls of identify {unknown}
 j - 2 scrolls of teleportation {unknown}
 k - a scroll of brand weapon {unknown}
 m - a scroll of amnesia {unknown}
 o - a scroll of acquirement {unknown}
Potions
 a - a potion of might {unknown}
 d - a potion of attraction {unknown}
 g - 3 potions of curing {unknown}
 h - 2 potions of brilliance {unknown}
 l - a potion of berserk rage {unknown}
 n - a potion of magic {unknown}
 p - a potion of invisibility {unknown}
 q - a potion of flight {unknown}


   Skills:
 - Level 2.0 Dodging
 + Level 4.2 Stealth
 + Level 2.9 Spellcasting
 + Level 2.3 Transmutations
 + Level 3.7 Earth Magic


You had 4 spell levels left.
You knew the following spells:

 Your Spells              Type           Power      Damage    Failure   Level
a - Sandblast             Erth           34%        2d9       3%          1
p - Petrify               Tmut/Erth      14%        N/A       41%         4

Your spell library contained the following spells:

 Spells                   Type           Power      Damage    Failure   Level
 Passwall                 Tmut/Erth      11%        N/A       7%          2
 Animate Skeleton         Necr           4%         N/A       16%         1
 Apportation              Tloc           4%         N/A       16%         1
 Corona                   Hex            2%         N/A       16%         1
 Summon Small Mammal      Summ           8%         N/A       16%         1
 Stone Arrow              Conj/Erth      18%        3d8       22%         3


Dungeon Overview and Level Annotations

Branches:
Dungeon (4/15)
 Temple: D:4-7

Altars:
Cheibriados


Innate Abilities, Weirdness & Mutations

You cannot wear most types of armour.
You are amphibious.
You can wear up to eight rings at the same time.
Your skin changes colour to match your surroundings (Stealth+).
Your rubbery body absorbs attacks. (AC +1, EV +1)
((You are camouflaged near water. (Stealth+)))
You have tentacles for arms and can constrict up to eight enemies at once.


Message History

The orc wizard is healed somewhat.
The orc wizard gestures at you while chanting.
The puff of flame misses you.
The blast of sand hits the orc.
The orc is moderately wounded.
The orc hits you with a +0 dagger.
The orc priest calls upon Beogh to heal the orc wizard.
The orc wizard is healed somewhat.
The blast of sand misses the orc wizard.
The blast of sand hits the orc wizard!
The orc wizard is severely wounded.
The orc barely misses you. Something hits you.
The blast of sand hits the orc wizard but does no damage.
The orc wizard is moderately wounded.
The orc wizard closely misses you. The orc barely misses you.
Something hits you.
The orc wizard casts a spell.
The orc wizard flickers and vanishes!
The blast of sand hits the orc wizard!
The orc wizard is almost dead.
The orc wizard hits you with a +0 dagger.
The orc closely misses you. Something hits you.
The orc priest mumbles some strange prayers to Beogh against you.
Beogh smites you!
* * * LOW HITPOINT WARNING * * *
Casting: Sandblast (safe; 3% risk of failure)
Confirm with . or Enter, or press ? or * to list all spells.
Aiming: Sandblast (safe; 3% risk of failure)
Press: ? - help, Shift-Dir - straight line, f/p - orc wizard
Aim: an orc wizard, wielding a +0 dagger and wearing a +0 robe (almost dead, 74% to hit)
The blast of sand hits the orc wizard.
You kill the orc wizard!
The orc priest mumbles some strange prayers to Beogh against you.
Pain shoots through your body!
* * * LOW HITPOINT WARNING * * *
The orc closely misses you. Something hits you.
* * * LOW HITPOINT WARNING * * *
A magic dart appears from out of thin air!
The magic dart hits you!
You die...

#...........'....#
#####...........#'####
........#####+#..<..#
........#.....#.....#
........#.....#.....#
........#.....#.....#
........#.....#.....#
........#.....'.....#
........#..##.#.@o..#
......###..#####)#......
......#....# o{# .....
......#....# ...# ....
......#....# ....# ...
......##'####....# ..
...[........#....# .
............#.....
###'##......#


You could see an orc priest and an orc.

Vanquished Creatures
  An orc wizard (D:4)
  5 adders
  3 dart slugs
  7 orcs
  3 endoplasms
  3 giant cockroaches
  6 goblins
  8 hobgoblins
  8 quokkas
  5 ball pythons
  2 bats (D:2)
  2 frilled lizards
  5 kobolds
  A rat (D:2)
59 creatures vanquished.

Notes
Turn   | Place    | Note
-------+----------+-------------------------------------------
     0 | D:1      | Atelerd the Octopode Earth Elementalist began the quest for
                  | the Orb.
     0 | D:1      | Reached XP level 1. HP: 11/11 MP: 3/3
    74 | D:1      | Reached skill level 3 in Stealth
    74 | D:1      | Reached XP level 2. HP: 15/17 MP: 0/5
   401 | D:1      | Found a faded altar of an unknown god.
   984 | D:2      | Reached XP level 3. HP: 10/21 MP: 3/6
  1618 | D:2      | Found a snail-covered altar of Cheibriados.
  1881 | D:2      | Reached XP level 4. HP: 11/27 MP: 5/7
  2714 | D:3      | Reached skill level 4 in Stealth
  3529 | D:3      | Reached XP level 5. HP: 31/31 MP: 6/9
  3554 | D:3      | Learned a level 4 spell: Petrify
  4353 | D:4      | Killed from afar by an orc wizard

Illustrated notes

Levels and vault maps discovered:
D:1:      dpeg_arrival_rooms_with_view, layout_loops_ring,
          chequers_ecumenical_altar_simple, minmay_pentomino_q2
D:2:      layout_rooms, basic_altar
D:3:      layout_basic
D:4:      layout_gridville, gammafunk_ghost_grave,
          chequers_serial_rivers_micro_a

Skill      XL: |  1  2  3  4 |
---------------+-------------+-----
Stealth        | 3 4 |  4.2
Transmutations | 2 |  2.3
Dodging        | |  2.0
Spellcasting   | |  2.9
Earth Magic    | |  3.7

Action                   |  1- 3 |  4- 6 || total
-------------------------+-------+-------++-------
Melee: Unarmed           |    15 |       ||    15
       Constrict         |    10 |     4 ||    14
       Tentacles         |     5 |     2 ||     7
       Dagger            |    11 |    13 ||    24
 Cast: Sandblast         |    39 |    44 ||    83
       Petrify           |       |     1 ||     1
 Stab: Sleeping          |     2 |     2 ||     4
Armor: Skin              |     3 |     1 ||     4
Dodge: Dodged            |    20 |    28 ||    48
